Map: Oxide LE

Players

Nice - Winner!

  • Race: Protoss Protoss

Has

  • Race: Protoss Protoss

VOD

Have the link to the VOD?

Description

Time

  • Played on: Oct. 2, 2021, 9:26 a.m.
  • Length: 13:28
Show
View Real Time Build Order
Export as new Build Order

Nice Protoss - Winner!

Build Orders: 1 Gate Expand, Oracle Opening, Blink Stalkers 

Get SALT Encoding   

  12  0:00  Probe  
  13  0:12  Probe  
  14  0:19  Pylon  
  14  0:24  Probe  
  15  0:37  Gateway, Probe (Chrono Boost)  
  16  0:47  Assimilator, Probe (Chrono Boost)  
  17  0:52  Probe (Chrono Boost)  
  18  1:03  Probe  
  19  1:15  Probe  
  20  1:25  Nexus  
  20  1:33  Cybernetics Core  
  20  1:40  Assimilator  
  20  1:41  Probe  
  21  1:50  Pylon  
  21  1:53  Probe  
  22  2:05  Probe (Chrono Boost)  
  23  2:17  Probe (Chrono Boost)  
  24  2:23  Stalker  
  24  2:24  Stargate  
  24  2:25  Probe (Chrono Boost)  
  27  2:32  Probe (Chrono Boost)  
  27  2:35  Warp Gate  
  28  2:38  Probe (Chrono Boost)  
  28  2:44  Probe (Chrono Boost)  
  29  2:48  Probe (Chrono Boost)  
  29  2:50  Probe (Chrono Boost)  
  31  2:53  Probe (Chrono Boost), Shield Battery  
  31  2:58  Probe  
  32  3:04  Probe, Oracle (Chrono Boost)  
  34  3:10  Probe  
  38  3:15  Gateway  
  38  3:16  Probe  
  38  3:18  Shield Battery  
  39  3:24  Twilight Council  
  39  3:26  Probe  
  40  3:28  Probe  
  41  3:38  Probe  
  41  3:40  Probe  
  43  3:48  Gateway x2  
  43  3:50  Stalker, Probe  
  43  3:55  Blink (Chrono Boost)  
  46  3:56  Pylon  
  46  3:58  Assimilator  
  46  4:12  Pylon  
  46  4:14  Probe x2  
  48  4:19  Pylon  
  48  4:25  Stalker  
  48  4:27  Stalker  
  48  4:30  Probe  
  53  4:36  Pylon  
  53  4:39  Probe  
  53  4:42  Stalker x2  
  58  4:49  Stalker  
  56  4:56  Probe x2  
  56  4:57  Stalker  
  60  5:01  Pylon  
  60  5:02  Pylon  
  60  5:06  Stalker  
  60  5:07  Stalker  
  64  5:11  Probe  
  64  5:15  Probe  
  65  5:24  Probe  
  61  5:40  Probe (Chrono Boost)  
  63  5:43  Charge (Chrono Boost)  
  63  5:45  Probe (Chrono Boost)  
  64  5:51  Probe (Chrono Boost)  
  64  5:52  Stalker x3  
  64  5:53  Stalker  
  64  5:55  Probe (Chrono Boost)  
  64  5:56  Nexus, Probe (Chrono Boost)  
  73  6:03  Gateway  
  74  6:05  Probe  
  74  6:07  Probe  
  76  6:17  Probe  
  74  6:19  Probe  
  74  6:21  Stalker x3  
  74  6:24  Stalker  
  83  6:29  Probe  
  84  6:33  Probe  
  84  6:35  Robotics Facility  
  85  6:41  Probe  
  85  6:46  Forge  
  86  6:49  Shield Battery  
  86  6:51  Pylon  
  86  6:55  Pylon  
  86  6:57  Probe  
  86  6:58  Probe  
  84  7:07  Stalker  
  82  7:09  Probe x2  
  82  7:10  Probe  
  82  7:12  Protoss Ground Weapons Level 1 (Chrono Boost)  
  85  7:17  Stalker x3  
  85  7:21  Probe x2  
  85  7:22  Probe  
  91  7:23  Observer  
  92  7:32  Photon Cannon  
  92  7:33  Probe  
  92  7:34  Probe, Pylon  
  92  7:35  Shield Battery  
  93  7:38  Sentry  
  93  7:40  Probe  
  96  7:45  Probe  
  96  7:47  Pylon  
  96  7:48  Probe  
  96  7:50  Pylon  
  98  7:55  Sentry x2  
  98  7:57  Photon Cannon  
  102  7:59  Photon Cannon  
  102  8:03  Stalker x2  
  105  8:07  Probe x2  
  105  8:09  Probe  
  106  8:19  Probe  
  107  8:22  Stalker  
  107  8:23  Stalker, Pylon  
  111  8:28  Pylon  
  111  8:29  Stalker x2  
  115  8:34  Pylon  
  115  8:38  Pylon  
  114  8:47  Nexus  
  114  8:49  Probe x2 (Chrono Boost)  
  114  8:50  Probe (Chrono Boost)  
  117  8:55  Gateway  
  117  8:57  Gateway  
  117  9:01  Photon Cannon, Probe x2 (Chrono Boost)  
  117  9:02  Probe (Chrono Boost)  
  120  9:13  Stalker x4  
  128  9:21  Protoss Ground Weapons Level 2 (Chrono Boost)  
  128  9:22  Gateway  
  128  9:31  Probe, Pylon  
  128  9:32  Probe  
  128  9:38  Probe  
  131  9:40  Stalker x2  
  131  9:41  Stalker x2  
  131  9:44  Gateway  
  139  9:48  Probe  
  139  9:50  Stalker  
  139  9:51  Stalker  
  141  9:53  Probe  
  141  9:55  Probe  
  141  9:58  Gateway  
  143  10:01  Probe  
  120  10:07  Stalker x3  
  120  10:11  Pylon  
  120  10:12  Probe x3  
  120  10:13  Probe  
  120  10:23  Stalker  
  120  10:24  Stalker x2  
  120  10:25  Probe x3  
  113  10:41  Stalker x3  
  111  10:44  Gateway  
  111  10:45  Probe x3  
  111  10:47  Assimilator  
  111  10:49  Assimilator  
  114  10:52  Stalker x2, Assimilator  
  114  10:56  Pylon  
  118  11:02  Stalker  
  120  11:07  Nexus  
  120  11:09  Probe x4, Pylon  
  124  11:13  Stalker x2  
  124  11:21  Probe  
  124  11:22  Stalker x2  
  107  11:38  Stalker x3  
  107  11:39  Stalker x4  
  109  11:47  Stalker x2  
  109  11:49  Probe x3  
  116  11:54  Pylon  
  116  12:00  Assimilator  
  116  12:03  Assimilator  
  116  12:06  Stalker x2  
  120  12:08  Zealot x2  
  120  12:14  Stalker  
  120  12:15  Stalker  
  128  12:20  Stalker x3  
  132  12:24  Shield Battery  
  132  12:26  Shield Battery  
  132  12:31  Photon Cannon, Gateway  
  132  12:32  Stalker x2  
  132  12:33  Gateway  
  136  12:42  Stalker x4  
  136  12:43  Stalker  
  140  12:50  Assimilator  
  140  12:52  Stalker  
  140  12:53  Stalker  
  140  12:54  Assimilator  
  144  13:03  Pylon  
  132  13:05  Stalker x2  
  132  13:06  Stalker x3  
  136  13:13  Stalker  
  136  13:14  Stalker  
Show
View Real Time Build Order
Export as new Build Order

Has Protoss 

Build Orders: 1 Gate Expand, Phoenix Opening 

Get SALT Encoding   

  12  0:00  Probe  
  13  0:12  Probe  
  14  0:17  Pylon  
  14  0:24  Probe  
  15  0:28  Assimilator  
  15  0:36  Probe (Chrono Boost)  
  16  0:43  Gateway  
  16  0:47  Probe (Chrono Boost)  
  17  0:52  Probe (Chrono Boost)  
  17  0:55  Assimilator  
  18  1:03  Probe  
  19  1:15  Probe  
  20  1:27  Probe  
  20  1:32  Cybernetics Core  
  21  1:40  Nexus  
  21  1:47  Pylon  
  21  1:49  Probe  
  22  2:02  Probe  
  23  2:08  Stargate  
  23  2:10  Adept (Chrono Boost)  
  23  2:14  Probe  
  26  2:26  Probe  
  27  2:38  Probe  
  28  2:45  Assimilator  
  28  2:46  Assimilator  
  28  2:50  Probe  
  29  2:53  Probe  
  29  2:55  Stargate  
  29  2:57  Phoenix (Chrono Boost)  
  31  3:03  Probe  
  31  3:05  Probe  
  33  3:08  Assimilator  
  33  3:14  Phoenix (Chrono Boost)  
  33  3:18  Probe  
  36  3:20  Probe  
  37  3:30  Probe  
  37  3:32  Probe  
  37  3:33  Shield Battery  
  39  3:36  Phoenix (Chrono Boost)  
  41  3:44  Phoenix  
  43  3:51  Pylon  
  43  3:52  Probe  
  43  3:54  Probe  
  45  4:04  Probe (Chrono Boost)  
  45  4:08  Phoenix  
  48  4:11  Probe (Chrono Boost), Pylon  
  48  4:16  Probe (Chrono Boost)  
  50  4:20  Phoenix  
  50  4:23  Probe (Chrono Boost)  
  53  4:25  Probe (Chrono Boost)  
  53  4:28  Probe (Chrono Boost)  
  53  4:29  Robotics Facility  
  55  4:34  Probe, Shield Battery  
  55  4:37  Probe  
  59  4:47  Probe  
  59  4:50  Void Ray  
  58  4:58  Pylon  
  62  5:02  Pylon  
  62  5:10  Void Ray, Shield Battery  
  62  5:17  Immortal (Chrono Boost)  
  70  5:31  Protoss Air Weapons Level 1  
  70  5:33  Void Ray  
  70  5:37  Probe x2  
  77  5:55  Pylon  
  76  6:07  Fleet Beacon  
  76  6:11  Immortal (Chrono Boost)  
  76  6:14  Void Ray (Chrono Boost)  
  86  6:39  Pylon  
  86  6:46  Void Ray (Chrono Boost)  
  82  6:49  Stargate  
  82  6:54  Shield Battery  
  86  7:02  Immortal (Chrono Boost)  
  89  7:08  Probe x2  
  89  7:11  Pylon  
  88  7:21  Void Ray  
  86  7:27  Void Ray  
  94  7:40  Forge  
  94  7:42  Nexus  
  94  7:44  Pylon  
  94  7:46  Immortal (Chrono Boost)  
  98  7:52  Stargate  
  98  7:57  Nexus  
  98  7:59  Void Ray  
  98  8:00  Pylon  
  102  8:14  Protoss Air Weapons Level 2 (Chrono Boost)  
  102  8:16  Assimilator  
  102  8:17  Void Ray  
  102  8:19  Assimilator  
  102  8:20  Observer (Chrono Boost), Pylon  
  102  8:22  Pylon  
  107  8:41  Void Ray  
  107  8:43  Observer  
  111  8:51  Void Ray  
  115  9:07  Void Ray  
  115  9:15  Flux Vanes  
  118  9:17  Pylon x2  
  118  9:19  Pylon  
  118  9:32  Nexus  
  118  9:33  Void Ray  
  118  9:35  Pylon  
  118  9:44  Pylon  
  122  9:46  Pylon  
  122  9:48  Void Ray  
  122  9:56  Void Ray  
  122  9:57  Shield Battery  
  122  9:58  Shield Battery  
  122  9:59  Shield Battery  
  126  10:01  Shield Battery  
  118  10:12  Shield Battery x2  
  118  10:14  Void Ray  
  114  10:25  Void Ray  
  102  10:41  Void Ray  
  94  10:44  Probe x3  
  94  10:47  Assimilator  
  94  10:49  Assimilator  
  100  10:53  Void Ray  
  100  10:56  Probe  
  101  11:02  Probe x2  
  100  11:05  Void Ray  
  100  11:08  Probe  
  105  11:14  Probe  
  105  11:18  Void Ray (Chrono Boost)  
  101  11:22  Probe  
  102  11:30  Void Ray (Chrono Boost)  
  90  11:34  Probe x2  
  87  11:41  Void Ray (Chrono Boost)  
  85  11:53  Void Ray (Chrono Boost), Probe x3  
  96  12:04  Void Ray (Chrono Boost)  
  96  12:05  Probe  
  96  12:06  Probe  
  102  12:08  Immortal (Chrono Boost)  
  102  12:12  Void Ray (Chrono Boost)  
  106  12:21  Probe x2  
  106  12:22  Probe  
  107  12:23  Void Ray (Chrono Boost)  
  111  12:31  Void Ray (Chrono Boost)  
  111  12:33  Probe  
  112  12:43  Void Ray (Chrono Boost)  
Tags
 
Add a new tag
Caveats
  • Supply blocks, unpowered buildings, or Contaminate may cause inaccurate times.
  • Supply counts are checked every 10 seconds.